Workbook

Sheet 入力箇所_出産後
A1: 共済・互助に関する「組合員本人（男性）の被扶養者で配偶者の出産後の手続き」について
A3: なお、このファイルは、ブラウザ上（インターネット画面）では、入力・印刷が
A4: 適正に行えませんので、ExcelがインストールされたPC等へダウンロードしてご利用願います。
A6: ＜このファイルの使い方＞
A7: 1 | B7: 以下の「太枠セル」の項目を入力する。 （印刷用シートに入力内容が反映します。）
B8: ↓
A9: 2 | B9: 「印刷用」シートを紙に出力する。 （所属所へファイル送信し、所属所で紙出力も可）
B10: ↓
A11: 3 | B11: 出力様式に 「所属受付印・所属所長の記名・押印」 し、福利課あて提出する。
B12: （添付書類が必要な場合、あわせて提出）
A16: 入力項目
A17: 0 | B17: この手続の入力日（西暦入力） 例：2000/01/01 yyyy/mm/dd形式で入力
B18: 46113 | C18: 入力は西暦、表示は和暦となります
A19: 1 | B19: 組合員番号 例：K00000、500000、Y00000
B20: K12345
A21: 2 | B21: 組合員氏名
B22: テスト 太郎
A23: 3 | B23: 組合員住所 例：○○市□□1-1 マンション101
B24: ○○市□□1-1 マンション101
A25: 4 | B25: 組合員の資格取得日 例：2000/01/01 yyyy/mm/dd形式で入力
B26: 43922
A27: 5 | B27: 所属所名 例：○○学校
B28: ○○学校
A29: 6 | B29: 所属所住所 例：○○市□□1-2
B30: ○○市□□1-2
A31: 7 | B31: （任意項目 空白可） 出産予定日（西暦入力） 例：2000/01/01 yyyy/mm/dd形式で入力
C32: 入力は西暦、表示は和暦となります
A33: 8 | B33: 出産日（西暦入力） 例：2000/01/01 yyyy/mm/dd形式で入力
B34: 46143 | C34: 入力は西暦、表示は和暦となります
B35: （No9～16は、出産者が被扶養者の場合のみ入力 「家族出産費・同附加金」への入力)
A36: 9 | B36: 出産した被扶養者の氏名
A38: 10 | B38: 出産した被扶養者の生年月日 例：2000/01/01 yyyy/mm/dd形式で入力
A40: 11 | B40: 出産した被扶養者の認定年月日 例：2000/01/01 yyyy/mm/dd形式で入力
A42: 12 | B42: 出産児数 を選択（死産・流産含む）
A44: 13 | B44: 出産児の氏名 （多胎の場合、氏名を連記してください。例：岡山花子、岡山次郎）
B45: 〇〇 〇〇
A46: 14 | B46: 出産児の組合員との続柄を選択 （多胎の場合、続柄を連記してください。例：長女、次女）
A48: 15 | B48: 被扶養者が出産した医療機関名
B49: 〇〇病院
A50: 16 | B50: 医療機関への支払を選択
B53: 参考 「家族出産費・同附加金」の請求に伴う添付書類
B54: =IF(B51="","",IF(B51="直接支払制度","「出産費用の内訳及び「専用請求書の内容と相違ない」旨が記載された明細書」"," 「医療機関から交付された直接支払制度を利用していない旨の記載された領収書（産科医療補償制度適用の場合は、その旨を証する文言の印字や印が押されたもの）」を添付して、請求書の医師又は助産師の証明欄に証明を受けることが必要です。"))
B55: =IF(B51="直接支払制度","「直接支払制度利用に関する合意文書」","")
A56: 16 | B56: 産休に係る免除期間 〔自動計算〕 （勤務日は除く）
B57: =IF(B41="多胎",B34-97,B34-41) -> 46102 | C57: 開始 | D57: 左記の開始日の属する月から
B58: =B34+56 -> 46199 | C58: 終了 | D58: 左記の終了日の翌日の属する月の前月までが免除月
B60: （注）「特別休暇の産休期間」は、出産日前56日（出産日を0日目）から出産後56日まで
B61: 「産休の掛金免除期間」は、出産日前42日（出産日を１日目）から出産後56日まで
B62: このため、「産休」（特別休暇）と「産休に係る掛金免除」の期間は相違しますので、ご留意ください。
B63: （ただし、多胎の場合、特別休暇の産休と掛金免除期間は同期間となります。）
A64: 17 | B64: 育児休業期間 （西暦入力） 例：2000/01/01 yyyy/mm/dd形式で入力
B65: 46174 | C65: 開始 | D65: 入力は西暦、表示は和暦となります
B66: 46477 | C66: 終了
A67: 18 | B67: 「育児休業手当金」に係る請求期間 （西暦入力） 例：2000/01/01 yyyy/mm/dd形式で入力
B68: 46174 | C68: 初日 ← | D68: 育児休業の初日
B69: 46477 | C69: 終了 ← | D69: 育児休業の末日 又は、当該育児休業に係る子の満1歳の誕生日の前日のいずれか早い日
A70: 19 | B70: （任意項目 空白可） 標準報酬の等級を入力 （数値のみ入力） 例：22 給料明細等を参照
B71: 22
A72: 20 | B72: （任意項目 空白可） 標準報酬の月額を入力 （数値のみ入力） 例：300,000 給料明細等を参照
B73: 300000
A74: 21 | B74: 雇用保険法の規定による育児休業給付の支給有無を選択 ※「有」の場合、育児休業手当金は対象外
A76: 22 | B76: 「育児休業支援手当金」を請求する場合は、支給要件を選択。請求しない場合、「該当なし」を選択
B77: 該当なし | E77: ※審査の結果支給対象外になることもあります。
B79: 「育児休業支援手当金」とは・・・・ 概要
B80: ▶対象者：組合員と配偶者の両方が、子の出生後（女性は産後休業後）から５６日以内に、
B81: １４日以上の育児休業を取得する場合
B82: ▶支給額：２８日間を限度に、標準報酬日額の１３％（上限額あり）
B92: 詳細説明URL
B93: https://www.okayamafukurinet.jp/data/36/benefits_page/
A94: 23 | B94: =VLOOKUP(B77,別紙!D8:H13,5,FALSE) -> 入力不要
C95: 開始 | D95: 入力は西暦、表示は和暦となります
C96: 終了
B97: 詳細はコチラのサイトを参照 →＿ | C97: https://www.okayamafukurinet.jp/data/36/benefits_page/
B99: 参考 「育児休業支援手当金」の請求に伴う添付書類
B100: =VLOOKUP(B77,別紙!$D$7:$H$13,2,FALSE) -> なし
B101: =VLOOKUP(B77,別紙!$D$7:$H$13,3,FALSE)
B102: =VLOOKUP(B77,別紙!$D$7:$H$13,4,FALSE)
A103: 24 | B103: 配偶者の組合員番号を入力（配偶者が公立学校共済組合岡山支部の組合員の場合のみ) 例：K12345
C104: 「育児休業支援手当金請求者」又は「パパママ育休プラス」の該当者で 配偶者が”公立学校共済組合岡山支部の組合員”である場合のみ入力
A105: 25 | B105: 貸付がある者は「有」を選択 貸付ない者は「無」を選択
B106: 無
B108: =IF(B106="有","以下の項目を入力願います。","入力お疲れ様でした。 シート「印刷用_出産後」を印刷し、「提出書類」「添付書類」を確認後、願います。 ↓ 記載内容に問題なければ、所属所の受付後、提出願います。") -> 入力お疲れ様でした。 シート「印刷用_出産後」を印刷し、「提出書類」「添付書類」を確認後、願います。 ↓ 記載内容に問題なければ、所属所の受付後、提出願います。
A109: 26 | B109: （以下、貸付がある者のみ) 償還猶予希望の有無を選択。 貸付がない者は「猶予希望なし」を選択
B112: 「償還猶予」とは ・・・ 育児休業中の返済を猶予（中止）し、復帰後に「倍返し返済」する制度
B113: 「倍返し返済」とは・・・ 復帰後に通常の返済に加えて猶予額を返済すること。
B114: ＜例＞毎月返済額が10,000円の場合、復帰後は20,000円を返済 倍返し返済期間は、猶予した期間となる。（1年間猶予した場合、1年間倍返し返済で20,000円を返済）
B115: なお、猶予した場合であっても、返済総額に影響（変化）なし。（猶予に伴う追加利息は発生しない）
A116: 27 | B116: =IF(B110="猶予希望なし","入力不要","共済貸付-毎月の貸付償還額の合計額を入力 （給与明細の「共済償還金」等を参照）") -> 共済貸付-毎月の貸付償還額の合計額を入力 （給与明細の「共済償還金」等を参照）
C117: =IF(B110="猶予希望なし",""," No28～30の金額が誤っている場合（空欄含む）、当組合側で修正します") -> No28～30の金額が誤っている場合（空欄含む）、当組合側で修正します
A118: 28 | B118: =IF(B110="猶予希望なし","入力不要","共済貸付-賞与（ボーナス）の貸付償還額の合計額を入力 （賞与明細の「共済償還金」等を参照）") -> 共済貸付-賞与（ボーナス）の貸付償還額の合計額を入力 （賞与明細の「共済償還金」等を参照）
A120: 29 | B120: =IF(B110="猶予希望なし","入力不要","互助貸付-毎月の貸付償還額の合計額を入力 （給料明細の「互助引き去り額」の内訳を参照）") -> 互助貸付-毎月の貸付償還額の合計額を入力 （給料明細の「互助引き去り額」の内訳を参照）
B123: 入力お疲れさまでした。 シート「印刷用_出産後」を印刷し、「提出書類」「添付書類」を確認後、願います。 ↓ 記載内容に問題なければ、所属所の受付後、提出願います。

Sheet 印刷用_出産後
A1: あなたの提出書類等
B3: 以下に表示された「様式」と「添付書類」を所属所経由で送付願います。
B4: ・ | C4: 様式の太枠に記入（所属所長の記名・押印・所属所受付）後、福利課あて提出してください。
B5: ・ | C5: このファイルを所属所へ送信し、所属所で紙媒体に出力することでも差し支えありません。
A7: 1 | B7: 提出書類 （所属所経由で提出するもの）
B8: =IF(C8="","","・") | C8: =IF(入力箇所_出産後!B51="","","家族出産費・同附加金請求書")
B9: ・ | C9: 育児休業等掛金免除申出書／育児休業（支援）手当金請求書
B10: =IF(C10="","","・") | C10: =IF(入力箇所_出産後!B110="猶予希望","償還猶予申出書（共済・互助）","")
A12: 2 | B12: 添付書類 （コピーによる提出可）
B13: ■出産費関係
B14: =IF(入力箇所_出産後!B54="","なし",入力箇所_出産後!B54) -> なし
B15: =入力箇所_出産後!B55
B17: ■「育児休業支援手当金関係
B18: =入力箇所_出産後!B100 -> なし
B19: =入力箇所_出産後!B101
B21: =入力箇所_出産後!B102
A27: 3 | B27: 連絡事項
A28: （1）保育補助用品について
B29: ■補助用品：候補品の中から出生児一人につき１点贈呈、出産後、以下から申請願います。 情報誌：出産者一人につき１セット贈呈、用品申請後、送付します。 ■対象者：「組合員（男性）で被扶養者である配偶者（女性）が出産した者」 （配偶者がいわゆる健康保険上の被扶養者でない場合は対象外） ※なお、夫婦とも組合員の場合、出産者（女性）のマイページから申請をお願いします。 ■申請先：HP「おかやま教職員福利厚生ネット」 ＞ マイページ（ログイン）＞ 事業申込－その他 ＞ 保育補助用品（当年度）申請フォーム から https://www.okayamafukurinet.jp/mypage/index.cgi?c=reception_form-1#anchor99 審査（出産の事実確認）後、申請月の翌月20日頃、指定業者から用品をお届けします。 ただし、審査に時間を要し、用品のお届けが申請月の翌々月となる場合があります。
A41: （2）積立預金について
B42: 産休中：積み立てを継続します。 育休中：育休開始月で自動解約となります。（手続不要） 払戻金：育休開始月の末日または翌月末日に、登録口座へ送金します。 再開 ：育休終了後に積み立てを希望される場合は、新規申し込みが必要です。
C48: 〒700-8570 | W48: ← 所属所で受付後、
C50: 岡山市北区内山下2-4-6 県庁西庁舎4F | W50: 提出用の宛名ラベル
D52: 岡山県教育庁福利課 | L52: 御中
G59: 出 産 費・同附加金（共済） | Z59: 請 求 書
G61: 家族出産費・同附加金（共済）
AA63: 直接支払制度を利用した場合は、右を○で囲ってください。→ | AB63: =入力箇所_出産後!B51 -> 0
A65: 組合員氏名 | F65: =入力箇所_出産後!B22 -> テスト 太郎 | N65: 組合員番号 | R65: 公立岡山 | S65: =入力箇所_出産後!B20 -> K12345 | Z65: 出産者 | AC65: 被扶養者である 家族
A66: 所属機関の名称及び所在地 | F66: =入力箇所_出産後!B30 -> ○○市□□1-2 | U66: 出産児数 死産・流産 を含む | Z66: =入力箇所_出産後!B43 -> 0 | AC66: 退職 区分 | AE66: 現 職
F67: =入力箇所_出産後!B28 -> ○○学校
A68: 出産者氏名 | F68: =入力箇所_出産後!B37 -> 0 | N68: 組合員との 続柄 | R68: 本人 | U68: 出産者の 生年月日 | Z68: =入力箇所_出産後!B39 -> 0 | AG68: 性 別 | AH68: 男
A69: 出産児氏名 | F69: =入力箇所_出産後!B45 -> 〇〇 〇〇 | N69: 組合員との 続柄 | R69: =入力箇所_出産後!B47 -> 0 | U69: 出産年月日 | Z69: =入力箇所_出産後!B34 -> 46143 | AG69: 出産
A70: ※出産に 要した費用 | O70: 円 | P70: ※医療機関等へ支払う額 （給付から控除する額） | AI70: 円
A71: 出産の場所 | F71: =入力箇所_出産後!B49 -> 〇〇病院 | P71: 資格取得 年 月 日 | T71: =入力箇所_出産後!B26 -> 43922 | Z71: 資格喪失 年 月 日
A72: 請 求 金 額 | F72: 出産費・家族出産費 | R72: 同附加金 | V72: 出産者が被扶養者の場合は記入してください。
F73: 488,000円 | R73: 50000 | U73: 円 | V73: ・被扶養者認定年月日 | AC73: =入力箇所_出産後!B41 -> 0
A74: 該当しない 給付は抹消 のこと | F74: 500,000円（産科医療補償制度分） | V74: ・認定されて６ヶ月以内の出産の場合
F75: 直接支払制度利用の場合は、共済組合が 医療機関等へ支払う出産費等との差額 | V75: 認定前に加入していた医療保険制度名
F76: 〔 | P76: 円 | Q76: 〕 | W76: （ | AI76: ）
A77: 医師又は助産師 の証明 | AB77: （出産児数）
I78: 令和 | M78: 年 | O78: 月 | Q78: 日 | AA78: は | AE78: 名を
I79: 出産 ・ 早産 ・ 死産 ・ 流産 | W79: か月）したことを証明します。
A80: 出産状況に○を 付してください | I80: 令和 | M80: 年 | O80: 月 | Q80: 日
A81: 直接支払制度を利用した場合は、この欄の証明は不要です。 | L81: 証明者 | O81: 住所
O82: 氏名 | AG82: 印
A83: 上記のとおり請求します。 | T83: 所 属 所 受 付 印 | AB83: 支 部 受 付 印
A84: 公立学校共済組合岡山支部長 殿
C85: =入力箇所_出産後!B18 -> 46113
B87: 請求者 | E87: 住所 | G87: =入力箇所_出産後!B24 -> ○○市□□1-1 マンション101
E89: 氏名 | H89: =F65 -> テスト 太郎
A91: １ ※欄は記入しないこと。
A92: ２ 多児出産の場合は、出生児名を連記し、請求金額を訂正すること。
A93: ３ 「退職区分」欄は、出産日が現職中か退職後かで記入すること。
A94: ４ 添付書類 (1)直接支払制度を利用する場合 ―直接支払制度利用に関する合意文書
A95: 出産年月日・費用の内訳・専用明細書の内容と相違ない旨の記載された明細書
A96: (2)直接支払制度を利用しない場合―直接支払制度を利用していない旨の記載された明細書
A97: 産科医療補償制度の適用を受けている場合は、所定の印が押されたもの
K101: 育児休業等掛金免除申出書
K102: 育児休業（支援）手当金請求書
A104: 1 | B104: 組合員氏名 | R104: =入力箇所_出産後!B22 -> テスト 太郎
A105: 2 | B105: 組合員種別 | G105: 一般 ・ 短期 | P105: 3 | R105: 記号番号 | X105: 公立岡山 | AB105: =入力箇所_出産後!B20 -> K12345
B106: 所属機関の名称及び所在地 | M106: （名称） | R106: =入力箇所_出産後!B28 -> ○○学校
M107: （所在地） | R107: =入力箇所_出産後!B30 -> ○○市□□1-2
A108: 5 | B108: 育児休業に係る子の出産予定日 | R108: =入力箇所_出産後!B32
A109: 6 | B109: 育児休業に係る子の生年月日 | R109: =入力箇所_出産後!B34 -> 46143
A110: 7 | B110: 掛金免除申出日 兼 手当金請求日 | R110: =入力箇所_出産後!B18 -> 46113
A111: 8 | B111: 育児休業の期間 | M111: 初日 | R111: =入力箇所_出産後!B65 -> 46174
M112: 終了日 | R112: =入力箇所_出産後!B66 -> 46477
A113: 9 | B113: 標準報酬の等級及び月額 | R113: 第 | T113: =入力箇所_出産後!B71 -> 22 | X113: 級 | Z113: =入力箇所_出産後!B73 -> 300000 | AI113: 円
A114: 10 | B114: 育児休業手当金に係る請求期間 | H114: 育児休業の初日 | T114: =入力箇所_出産後!B68 -> 46174
H115: 育児休業の末日 又は、 当該育児休業に係る子の満1歳の誕生日の前日のいずれか早い日 | T115: =入力箇所_出産後!B69 -> 46477
A116: 11 | B116: 育児休業（支援）手当金請求金額 ※記入不要 | AI116: 円
A117: 12 | B117: 雇用保険法の規定による育児休業給付の支給 | W117: =入力箇所_出産後!B75 -> 0
A118: 13 | B118: (配偶者が公立学校共済組合岡山支部の組合員の場合) 配偶者の組合員番号を記入 | W118: =入力箇所_出産後!B104 -> 0
A119: 14 | B119: 「育児休業支援手当金を請求する場合」は、次の該当する支給要件を選択し必要事項を記入 ※要件の詳細及び各添付書類は別紙を参照
B120: 該当する支給要件
B121: =入力箇所_出産後!B77 -> 該当なし
B122: 支給要件１・２該当者のみ入力
B123: =IF(B121=別紙!D8,"配偶者の育児休業期間",IF(B121=別紙!D9,"配偶者の産後休業（休暇）期間","右欄入力不要")) -> 右欄入力不要 | M123: 初日 | R123: =入力箇所_出産後!B95
M124: 終了日 | R124: =入力箇所_出産後!B96
T125: 所属所受付印 | AB125: 支部受付印
A126: 上記のとおり掛金免除の申し出及び手当金の請求をします。
A127: 公立学校共済組合岡山支部長 殿
B129: =IF(R110="","令和 年 月 日",R110) -> 46113
A131: 組合員氏名 | F131: =入力箇所_出産後!B22 -> テスト 太郎
A133: ※「パパママ育休プラス制度」の適用を受ける者、「育児休業支援手当金」を請求する者は、別紙を参考にして必要書類を この請求書に添付して請求してください。
A135: 共 済
A137: 償還猶予申出書
A139: 公立学校共済組合岡山支部長 殿
T140: 申出人住所 | Y140: =入力箇所_出産後!B24 -> ○○市□□1-1 マンション101
T141: 申出人氏名 | Y141: =入力箇所_出産後!B22 -> テスト 太郎
T142: 組合員番号 | Y142: =入力箇所_出産後!B20 -> K12345
A144: 公立学校共済組合貸付規程第17条の規定に基づいて、償還の猶予を申し出ます。償還猶予総額については、猶予期間の範囲内で給与から定期償還・ボーナス償還と併せて均等額で返済します。（注１）
A146: 記
A148: 猶予事由 ［○で囲む］ | G148: １ 育児休業
A149: 休業期間 （猶予期間） | G149: =入力箇所_出産後!B65 -> 46174 | O149: ～ | P149: =入力箇所_出産後!B66 -> 46477 | Y149: （ | Z149: =DATEDIF(G149, P149, "M") -> 9 | AC149: か月間）
G150: ※ 申出書の提出が休業期間開始後となった場合、申出のあった翌月から猶予開始とする。
A151: 毎月償還額 | G151: =入力箇所_出産後!B117 -> 0 | O151: 円 | P151: （給与明細の共済償還金の額）（注２）
A152: ボーナス償還額 | G152: =入力箇所_出産後!B119 -> 0 | O152: 円 | P152: （ボーナス明細の共済償還金の額）（注２）
A153: 償還猶予総額 | G153: （毎月償還額×猶予月数） ＋ （ボーナス償還額×猶予月数） とする。
...

Sheet 別紙
F1: 別紙
B2: 【添付書類】
B3: パパママ育休プラス制度の適用を受ける者、育児休業支援手当金を請求する者は該当する要件に応じた
B4: 添付書類を併せて提出してください。（コピー可）
B6: 該当要件 | E6: 添付書類
D7: パパママ育休プラス | E7: ・配偶者の育児休業取得が分かる書類（※１）（申出書不可） | F7: ・世帯全員の住民票の写し（続柄の記載があり、かつ個人番号の記載が省略されたもの） | G7: ※１ 配偶者が公立学校共済組合岡山支部の場合は、添付不要です。 該当者は請求書の「配偶者の組合員番号」欄に配偶者の組合員番号を記入してください。 （なお、共済組合で育児休業・産後休業（休暇）の取得が確認できない場合は、追加で書類の提出を求める場合があります。）
B8: 育児休業支援手当金 | D8: 1 配偶者が育児休業を取得 | E8: ・配偶者の育児休業取得及び期間が分かる書類（※１）（申出書不可） | F8: ・世帯全員の住民票の写し（続柄の記載があり、かつ個人番号の記載が省略されたもの） | G8: ※１ 配偶者が公立学校共済組合岡山支部の場合は、添付不要です。 該当者は請求書の「配偶者の組合員番号」欄に配偶者の組合員番号を記入してください。 （なお、共済組合で育児休業・産後休業（休暇）の取得が確認できない場合は、追加で書類の提出を求める場合があります。） | H8: 以下に「配偶者の育児休業期間」を入力（育児休業支援手当金関係）
D9: 2 配偶者が産後休業（休暇）を取得 | E9: ・配偶者の産後休業・休暇取得が分かる書類（※１） | F9: ・世帯全員の住民票の写し（続柄の記載があり、かつ個人番号の記載が省略されたもの） | G9: ※１ 配偶者が公立学校共済組合岡山支部の場合は、添付不要です。 該当者は請求書の「配偶者の組合員番号」欄に配偶者の組合員番号を記入してください。 （なお、共済組合で育児休業・産後休業（休暇）の取得が確認できない場合は、追加で書類の提出を求める場合があります。） | H9: 以下に「配偶者の産後休暇期間」を入力（育児休業支援手当金関係）
D10: 3 配偶者が雇用保険法第5条第1項に規定する適用事業に雇用される労働者でない場合 | E10: ・世帯全員の住民票の写し（続柄の記載があるもの） | F10: ・配偶者の直近の所得証明書（※２） | G10: ※２ 給与収入がないことを確認します。所得証明書で給与収入が確認できる場合は、請求時点で給与収入がないことが分かる書類を添付してください。（退職が分かる書類等） | H10: 入力不要
D11: 4 配偶者のない者 | E11: ・組合員本人の戸籍謄本 | G11: ※ この件に該当する場合の添付書類の詳細は、事前に福利課給付班にお問い合わせください。 | H11: 入力不要
D12: 5 配偶者が子を養育するための休業をすることができない場合 | E12: ・世帯全員の住民票の写し（続柄の記載があり、かつ個人番号の記載が省略されたもの） | F12: 配偶者が育児休業を取得できないことを確認できる書類 | G12: ※ この件に該当する場合の添付書類の詳細は、事前に福利課給付班にお問い合わせください。 | H12: 入力不要
D13: 該当なし | E13: なし | H13: 入力不要
